Map: Frozen Temple

Players

opraG - Winner!

  • Race: Protoss Protoss
  • League: Silver

Gracz

  • Race: Protoss Protoss
  • League: Silver

VOD

Have the link to the VOD?

Description

Time

  • Played on: Sept. 19, 2016, 1:16 p.m.
  • Length: 13:50
Show
View Real Time Build Order
Export as new Build Order

opraG Protoss - Winner!

Build Orders: 1 Gate Expand 

Get SALT Encoding   

  12  0:01  Probe (Chrono Boost)  
  13  0:16  Pylon  
  13  0:19  Probe (Chrono Boost)  
  14  0:34  Gateway  
  14  0:40  Probe (Chrono Boost)  
  15  0:50  Probe (Chrono Boost)  
  16  1:15  Nexus  
  16  1:20  Probe (Chrono Boost)  
  16  1:25  Zealot  
  19  1:38  Cybernetics Core  
  19  1:42  Probe (Chrono Boost)  
  19  1:46  Assimilator  
  20  1:59  Probe (Chrono Boost)  
  21  2:11  Probe (Chrono Boost)  
  23  2:23  Pylon, Probe (Chrono Boost)  
  23  2:27  Probe (Chrono Boost)  
  24  2:34  Assimilator  
  24  2:35  Probe (Chrono Boost)  
  25  2:37  Probe (Chrono Boost)  
  25  2:39  Adept, Warp Gate  
  28  2:48  Probe (Chrono Boost)  
  28  2:50  Probe (Chrono Boost)  
  31  3:00  Probe (Chrono Boost)  
  31  3:02  Probe (Chrono Boost)  
  31  3:12  Gateway  
  32  3:15  Probe (Chrono Boost)  
  34  3:20  Mothership Core (Chrono Boost)  
  34  3:22  Stalker  
  37  3:27  Probe (Chrono Boost)  
  37  3:38  Probe (Chrono Boost)  
  38  3:46  Probe (Chrono Boost)  
  38  3:48  Assimilator, Probe (Chrono Boost)  
  40  3:54  Pylon  
  40  3:58  Probe (Chrono Boost)  
  40  3:59  Stalker  
  40  4:00  Probe (Chrono Boost)  
  40  4:02  Robotics Facility  
  45  4:10  Probe (Chrono Boost)  
  45  4:12  Probe (Chrono Boost)  
  46  4:18  Stalker  
  46  4:21  Probe (Chrono Boost)  
  49  4:33  Probe (Chrono Boost)  
  49  4:37  Gateway  
  49  4:38  Gateway  
  50  4:43  Gateway  
  50  4:45  Probe (Chrono Boost)  
  51  4:49  Observer  
  52  4:57  Probe (Chrono Boost)  
  53  5:05  Twilight Council  
  53  5:08  Assimilator  
  53  5:09  Probe (Chrono Boost)  
  54  5:24  Forge  
  54  5:27  Pylon  
  54  5:43  Warp Prism  
  54  5:47  Probe (Chrono Boost)  
  54  5:49  Stalker  
  59  5:50  Stalker  
  59  5:52  Protoss Ground Weapons Level 1  
  61  5:59  Probe (Chrono Boost)  
  62  6:05  Pylon  
  62  6:08  Photon Cannon  
  62  6:11  Photon Cannon  
  62  6:16  Pylon  
  62  6:17  Pylon  
  62  6:18  Pylon  
  62  6:23  Probe (Chrono Boost)  
  63  6:31  Stalker  
  63  6:32  Stalker x2  
  69  6:34  Probe (Chrono Boost)  
  70  6:47  Blink  
  70  6:56  Adept x2  
  70  6:57  Adept x3  
  70  6:59  Robotics Bay  
  80  7:02  Pylon  
  80  7:09  Immortal  
  84  7:19  Adept x5  
  94  7:25  Nexus  
  94  7:34  Extended Thermal Lance  
  94  7:44  Stalker x2  
  94  7:45  Stalker x2  
  102  8:02  Pylon  
  102  8:04  Pylon  
  102  8:12  Pylon  
  102  8:13  Colossus  
  102  8:15  Pylon  
  102  8:17  Pylon  
  102  8:24  Sentry x3  
  114  8:51  Protoss Ground Weapons Level 2  
  114  9:06  Adept x5, Resonating Glaives  
  124  9:18  Colossus  
  124  9:30  Stalker  
  124  9:31  Stalker x4  
  140  9:55  Stalker x3  
  140  9:56  Stalker x2  
  150  10:05  Pylon  
  150  10:07  Probe (Chrono Boost)  
  151  10:18  Probe (Chrono Boost)  
  151  10:20  Pylon  
  152  10:22  Pylon  
  153  10:28  Probe (Chrono Boost)  
  153  10:29  Stalker x4  
  153  10:30  Stalker  
  163  10:39  Probe (Chrono Boost)  
  164  10:49  Probe (Chrono Boost)  
  165  11:07  Stalker x3  
  165  11:08  Stalker  
  143  11:37  Stalker  
  143  11:38  Stalker x3  
  143  11:39  Stalker  
  117  12:36  Stalker x4  
  125  12:37  Stalker  
  117  13:13  Stalker x2  
  117  13:14  Stalker x3  
Show
View Real Time Build Order
Export as new Build Order

Gracz Protoss 

Build Orders:  

Get SALT Encoding   

  12  0:01  Probe (Chrono Boost)  
  13  0:15  Pylon  
  13  0:20  Probe (Chrono Boost)  
  14  0:31  Probe (Chrono Boost)  
  15  0:39  Gateway  
  15  0:43  Assimilator  
  15  0:45  Probe (Chrono Boost)  
  16  0:56  Probe (Chrono Boost)  
  17  1:07  Gateway  
  17  1:14  Probe (Chrono Boost)  
  18  1:23  Pylon  
  18  1:36  Cybernetics Core  
  18  1:46  Gateway  
  18  1:49  Gateway  
  18  1:57  Warp Gate  
  18  2:00  Probe (Chrono Boost)  
  21  2:23  Assimilator, Mothership Core (Chrono Boost)  
  21  2:26  Stalker  
  23  2:43  Probe (Chrono Boost)  
  24  2:56  Nexus  
  24  3:00  Pylon  
  24  3:13  Stalker  
  24  3:17  Probe (Chrono Boost)  
  27  3:23  Assimilator  
  27  3:26  Assimilator, Stalker  
  29  3:37  Probe (Chrono Boost)  
  30  3:46  Stalker  
  30  3:47  Stalker  
  34  3:55  Probe (Chrono Boost)  
  35  4:07  Probe (Chrono Boost)  
  35  4:09  Probe (Chrono Boost)  
  37  4:19  Probe (Chrono Boost)  
  37  4:22  Probe (Chrono Boost)  
  40  4:31  Probe (Chrono Boost)  
  40  4:33  Probe (Chrono Boost)  
  40  4:35  Gateway  
  41  4:43  Probe (Chrono Boost)  
  41  4:44  Probe (Chrono Boost)  
  43  4:54  Stargate, Probe (Chrono Boost)  
  43  4:55  Stargate  
  43  4:56  Probe (Chrono Boost)  
  43  4:58  Pylon  
  45  5:01  Pylon, Zealot  
  47  5:15  Probe (Chrono Boost)  
  47  5:16  Probe (Chrono Boost)  
  49  5:25  Probe (Chrono Boost)  
  51  5:28  Probe (Chrono Boost)  
  51  5:35  Forge  
  51  5:36  Forge, Probe (Chrono Boost)  
  51  5:40  Probe (Chrono Boost)  
  51  5:41  Twilight Council  
  53  5:44  Stalker  
  53  5:45  Stalker  
  53  5:47  Probe (Chrono Boost)  
  58  6:04  Stalker x3  
  60  6:10  Protoss Ground Armor Level 1  
  64  6:11  Blink  
  64  6:12  Protoss Ground Weapons Level 1  
  64  6:17  Stalker x2  
  68  6:42  Nexus  
  68  6:45  Pylon  
  68  6:48  Pylon  
  68  6:50  Probe (Chrono Boost)  
  68  6:52  Probe (Chrono Boost)  
  70  6:58  Void Ray  
  70  7:04  Probe (Chrono Boost)  
  70  7:08  Stalker x2  
  79  7:14  Pylon  
  79  7:20  Stalker x2  
  83  7:29  Stalker  
  85  7:41  Stalker  
  85  7:42  Stalker  
  85  7:43  Stalker  
  91  7:53  Void Ray  
  95  8:01  Probe x2 (Chrono Boost)  
  95  8:03  Probe (Chrono Boost)  
  98  8:10  Stalker  
  98  8:11  Stalker x2  
  104  8:15  Stalker  
  106  8:36  Protoss Ground Weapons Level 2  
  106  8:37  Pylon  
  106  8:41  Pylon  
  106  8:44  Pylon  
  106  8:53  Protoss Shields Level 1  
  106  8:55  Void Ray x2  
  106  8:58  Protoss Air Weapons Level 1  
  106  9:02  Assimilator  
  114  9:03  Probe (Chrono Boost)  
  114  9:04  Assimilator, Probe (Chrono Boost)  
  116  9:44  Stalker x2  
  116  9:45  Stalker  
  120  9:48  Stalker x2  
  124  9:57  Probe x2 (Chrono Boost)  
  124  9:58  Probe (Chrono Boost)  
  127  10:06  Void Ray  
  131  10:35  Pylon  
  130  10:38  Stalker  
  130  10:40  Pylon  
  130  10:42  Pylon  
  132  10:47  Void Ray x2  
  140  11:12  Pylon  
  140  11:14  Stalker x4  
  140  11:15  Pylon  
  140  11:18  Pylon  
  148  11:23  Pylon  
  148  11:24  Fleet Beacon, Void Ray x2  
  108  11:44  Stalker x2  
  108  11:45  Stalker x3  
  64  12:02  Void Ray x2  
  70  12:13  Stalker x2  
  70  12:14  Stalker  
  70  12:15  Stalker x2  
  39  12:37  Stalker x3  
  39  12:38  Stalker  
  46  12:46  Mothership Core (Chrono Boost)  
  44  12:53  Stalker  
  37  13:03  Stalker  
  37  13:04  Stalker  
  37  13:05  Zealot  
  26  13:28  Gateway  
  26  13:30  Gateway  
  26  13:31  Gateway  
Tags
 
Add a new tag
Caveats
  • Supply blocks, unpowered buildings, or Contaminate may cause inaccurate times.
  • Supply counts are checked every 10 seconds.